Cogmind - Beta 13 @@@ ROGUE MODE // 2024.04.10 @ 20:19:49 Player: Jennifer Result: Destroyed by Y-45 Defender with Heavy Assault Rifle Performance ------------- Evolutions (0) 0 Regions Visited (4) 800 Robots Destroyed (31) 155 Value Destroyed (619) 619 Prototype IDs (23) 460 Alien Tech Used (0) 0 Bonus (307) 307 TOTAL SCORE: 2341 Bonus ------- Follower Combat Kills 7 Aligned with FarCom 300 Cogmind --------- Core Integrity 0/250 Matter 235/300 Energy 150/150 System Corruption 1% Temperature Cool (17) Movement Rolling (115) Ox1 Location -9/Mines Parts ------- > --- POWER (1) -------- Light Angular Momentum Engine > --- PROPULSION (2) --- Compact Wheel > --- UTILITY (2) ------ Large Storage Unit Structural Scanner > --- WEAPON (2) ------- Light Assault Rifle Light Assault Rifle > --- INVENTORY (15) --- Ion Engine Compact Wheel Improved Light Armor Plating Army-in-a-Box (30/30) Bore Cannon Rocket Launcher Peak State ------------ > --- POWER ------------ Light Nuclear Core > --- PROPULSION ------- Wheel Wheel > --- UTILITY ---------- Large Storage Unit Structural Scanner > --- WEAPON ----------- Light Assault Rifle Rocket Launcher > --- INVENTORY -------- Ion Engine Light Angular Momentum Engine Wheel Compact Wheel Compact Wheel Improved Light Armor Plating Army-in-a-Box Light Assault Rifle Light Assault Rifle Bore Cannon [Rating: 17] Favorites ----------- Power Ion Engine Engine Ion Engine Power Core Light Nuclear Core Propulsion Light Treads Treads Light Treads Leg Aluminum Leg Wheel Wheel Utility Large Storage Unit Device Structural Scanner Storage Large Storage Unit Protection Light Armor Plating Weapon Light Assault Rifle Ballistic Gun Light Assault Rifle Launcher Rocket Launcher Build | -11 -10 -10 -10 -9 ------- Run | Yrd Mat Min Exi Min Slots Evolved . | . . . . . Power . | . . . . . Propulsion . | . . . . . Utility . | . . . . . Weapon . | . . . . . Parts Attached 42 | 8 19 8 1 6 Power 6 | 1 3 . 1 1 Engine 3 | 1 1 . . 1 Core 3 | . 2 . 1 . Reactor . | . . . . . Propulsion 21 | 4 10 5 . 2 Treads 10 | 2 8 . . . Leg 3 | . . 3 . . Wheel 8 | 2 2 2 . 2 Hover . | . . . . . Flight . | . . . . . Utility 6 | 1 2 3 . . Device 1 | . . 1 . . Storage 2 | 1 1 . . . Processor . | . . . . . Hackware . | . . . . . Protection 3 | . 1 2 . . Artifact . | . . . . . Weapon 9 | 2 4 . . 3 Energy Gun . | . . . . . Energy Cannon . | . . . . . Ballistic Gun 8 | 2 4 . . 2 Ballistic Cannon . | . . . . . Launcher 1 | . . . . 1 Special Weapon . | . . . . . Impact Weapon . | . . . . . Slashing Weapon . | . . . . . Piercing Weapon . | . . . . . Special Melee Weapon . | . . . . . Unidentified Prototypes . | . . . . . Parts Lost 11 | . 4 2 . 5 Power 3 | . 2 . . 1 Propulsion 6 | . 2 1 . 3 Utility 1 | . . 1 . . Weapon 1 | . . . . 1 Highest Loss Streak 4 | . 2 1 . 4 To Critical Strikes . | . . . . . Average Slot Usage (%) 95 | . 90 99 100 99 Engine 8 | . 6 14 7 . Core 5 | . 7 . 6 13 Treads 14 | . 21 15 . . Leg 1 | . . 4 . . Wheel 11 | . 6 7 28 27 Device 4 | . . 3 14 14 Storage 14 | . 14 14 14 14 Protection 6 | . 5 10 . . Ballistic Gun 26 | . 27 28 28 17 Launcher 1 | . . . . 10 Naked Turns . | . . . . . Heaviest Build 31 | 10 30 30 28 31 Greatest Support 40 | 40 40 40 20 20 Greatest Overweight (x) 2 | . 1 2 1 1 Average Overweight (x) . | . . . 1 1 Largest Inventory Capacity 15 | 8 15 15 15 15 Average Capacity 12 | 7 10 15 15 15 Most Carried 15 | 3 9 15 15 15 Average Carried 9 | 2 6 10 14 14 Final Capacity 15 | 8 15 15 15 15 Final Carried 15 | 3 8 15 15 11 Class Distribution -------------------- 69% | Mutant 30% | Scavenger-Mutant Dominant Class ---------------- Mutant | -10/Materials Mutant | -10/Mines Scavenger-Mutant | -10/Exiles Scavenger-Mutant | -9/Mines Resources | -11 -10 -10 -10 -9 ----------- Run | Yrd Mat Min Exi Min Matter Collected 808 | 296 251 150 . 111 Remotely . | . . . . . Salvage Created 882 | 70 616 144 . 52 Parts 67 | 6 33 15 . 13 Haulers Intercepted 2 | . 2 . . . Recyclers Shooed 3 | . 1 2 . . Parts Field Recycled . | . . . . . Retrieved Matter . | . . . . . Parts Self-Destructed . | . . . . . Prevented . | . . . . . Kills | -11 -10 -10 -10 -9 ------- Run | Yrd Mat Min Exi Min Combat Hostiles Destroyed 23 | . 11 5 . 7 Guns 16 | . 11 5 . . AOE 7 | . . . . 7 Classes Destroyed 7 | 1 4 2 . . Builder 1 | . . 1 . . Tunneler 5 | 3 1 . . 1 Hauler 2 | . 2 . . . Recycler 1 | . 1 . . . Swarmer 12 | . 3 2 . 7 Grunt 10 | . 8 2 . . Assembled 1 | . . 1 . . Best Kill Streak 4 | 2 3 2 . 4 Combat Bots Only 4 | . 3 2 . 4 Max Kills in Single Turn 3 | 1 1 2 . 3 Gunslinging 1 | . . 1 . . Exploded 3 | . . . . 3 Melee . | . . . . . Uniques/NPCs Destroyed . | . . . . . Combat | -11 -10 -10 -10 -9 -------- Run | Yrd Mat Min Exi Min Hostile Shots Fired 146 | . 80 33 . 33 Missed 33 | . 20 5 . 8 Damage Taken 1461 | . 686 381 . 394 Core 258 | . 117 36 . 105 Absorbed by Shields . | . . . . . Core Remaining (%) 100 | 100 . . . . Volleys Fired 97 | 8 48 25 . 16 Largest 2 | 2 2 2 . 2 Hottest 40 | 40 40 40 . 40 Shots Fired 185 | 16 96 50 . 23 Gun 176 | 16 96 50 . 14 Cannon . | . . . . . Launcher 9 | . . . . 9 Special . | . . . . . Kinetic 176 | 16 96 50 . 14 Thermal . | . . . . . Explosive 9 | . . . . 9 Electromagnetic . | . . . . . Robot Hit Streak 13 | 5 13 10 . 8 Robot Miss Streak 4 | 1 4 2 . 2 Penetration Max . | . . . . . Secondary Targets 3 | . 2 1 . . Max Gunslinging Chain 1 | . 1 1 . . Shots Hit Robots 129 | 11 65 37 . 16 Core Hits 63 | 7 31 14 . 11 Critical Kills 2 | . 2 . . . Critical Parts Destroyed 1 | . . . . 1 Critical Strikes 3 | . 2 . . 1 Destroy 3 | . 2 . . 1 Melee Attacks . | . . . . . Impact . | . . . . . Slashing . | . . . . . Piercing . | . . . . . Sneak Attacks . | . . . . . Combat Hostiles . | . . . . . Follow-up Attacks . | . . . . . Damage Inflicted 1526 | 96 533 300 . 597 Guns 1016 | 96 524 300 . 96 Cannons . | . . . . . Explosions 501 | . . . . 501 Melee . | . . . . . Ramming 9 | . 9 . . . Kinetic 1016 | 96 524 300 . 96 Thermal . | . . . . . Explosive 501 | . . . . 501 Electromagnetic . | . . . . . Impact . | . . . . . Slashing . | . . . . . Piercing . | . . . . . Highest Corruption 1 | . . 1 1 1 Average Corruption 1 | . . 1 1 1 Corruption Purged . | . . . . . Corruption Blocked . | . . . . . Effects 14 | . . 6 4 4 Message Errors 1 | . . . . 1 Matter Fused 3 | . . 2 1 . Heat Flow Errors 3 | . . 2 . 1 Energy Discharges 1 | . . 1 . . Data Loss (minor) 2 | . . . 2 . Data Loss (major) 3 | . . 1 . 2 Alerts 1 | . . . 1 . Overload Shots . | . . . . . Overflow Damage 76 | . . . . 76 Projectiles . | . . . . . Explosions 76 | . . . . 76 Melee . | . . . . . Knockbacks . | . . . . . Impact . | . . . . . Kinetic . | . . . . . Secondary . | . . . . . Self-Inflicted Damage 76 | . . . . 76 Shots 2 | . . . . 2 Rammed 1 | . 1 . . . Targets Rammed 1 | . 1 . . . Kicked . | . . . . . Crushed . | . . . . . Highest Temperature 257 | . 114 257 . 88 Average Temperature 43 | . 34 58 . 17 Received Heat Transfer 564 | . 333 168 . 63 Siege Activations . | . . . . . Robots Corrupted . | . . . . . Combat Hostiles . | . . . . . Parts Fried . | . . . . . Impact Corruptions . | . . . . . Robots Melted . | . . . . . Combat Hostiles . | . . . . . Parts Melted . | . . . . . Heat Transferred . | . . . . . Parts Sabotaged . | . . . . . Parts Stolen . | . . . . . Parts Stripped . | . . . . . Power Chain Reactions . | . . . . . Alert | -11 -10 -10 -10 -9 ------- Run | Yrd Mat Min Exi Min Peak Influence 305 | 15 192 91 . 305 Initial 25 | . 9 25 . . Average 76 | 4 80 37 . 189 Maximum Alert Level 1 | . . . . 1 Low Security (%) 92 | 100 100 100 . 45 Level 1 7 | . . . . 54 Level 2 . | . . . . . Level 3 . | . . . . . Level 4 . | . . . . . Level 5 . | . . . . . High Security . | . . . . . Max Security . | . . . . . Squads Dispatched 4 | . 4 . . . Investigation 1 | . 1 . . . Extermination . | . . . . . Reinforcement 3 | . 3 . . . Assault . | . . . . . Garrison . | . . . . . Intercept . | . . . . . Searches Triggered . | . . . . . Construction Impeded . | . . . . . Haulers Reinforced . | . . . . . Active Scanning Responses . | . . . . . Cargo Convoy Interrupts . | . . . . . Stealth | -11 -10 -10 -10 -9 --------- Run | Yrd Mat Min Exi Min Distress Signals 1 | . 1 . . . Communications Jammed . | . . . . . Distress Signals . | . . . . . Times Spotted 47 | . 26 12 . 9 Peak Tracking Total 8 | . 6 8 . 4 Tactical Retreats 1 | . 1 . . . Traps | -11 -10 -10 -10 -9 ------- Run | Yrd Mat Min Exi Min Traps Triggered 2 | . 2 . . . Indirectly . | . . . . . Trap Hack Attempts . | . . . . . Triggered . | . . . . . Disarmed . | . . . . . Reprogrammed . | . . . . . Reused . | . . . . . Traps Extracted . | . . . . . Installed . | . . . . . Triggered . | . . . . . Machines | -11 -10 -10 -10 -9 ---------- Run | Yrd Mat Min Exi Min Machines Disabled 7 | . . . . 7 Max in Single Turn 3 | . . . . 3 Machines Repaired . | . . . . . Machines Dismantled . | . . . . . Machines Sabotaged . | . . . . . Overloaded Fab Kills . | . . . . . Hacking | -11 -10 -10 -10 -9 --------- Run | Yrd Mat Min Exi Min Machines Accessed 6 | . 5 . 1 . Terminals 5 | . 5 . . . Fabricators . | . . . . . Repair Stations . | . . . . . Recycling Units . | . . . . . Scanalyzers . | . . . . . Garrison Access . | . . . . . Total Hacks 11 | . 10 . 1 . Successful 3 | . 2 . 1 . Failed 8 | . 8 . . . Catastrophic 3 | . 3 . . . Database Lockouts . | . . . . . Manual 7 | . 6 . 1 . Terminals 10 | . 10 . . . Fabricators . | . . . . . Repair Stations . | . . . . . Recycling Units . | . . . . . Scanalyzers . | . . . . . Garrison Access . | . . . . . Terminal Hacks 2 | . 1 . 1 . Unreport Threat 1 | . 1 . . . Derelict Proto ID Bank 1 | . . . 1 . Fabricator Hacks . | . . . . . Repair Station Hacks . | . . . . . Recycling Unit Hacks . | . . . . . Scanalyzer . | . . . . . Garrison Access Hacks . | . . . . . Unauthorized Hacks 1 | . 1 . . . Terminals 1 | . 1 . . . Botnet 1 | . 1 . . . Fabricators . | . . . . . Repair Stations . | . . . . . Recycling Units . | . . . . . Scanalyzers . | . . . . . Garrison Access . | . . . . . Data Cores Recovered . | . . . . . Used . | . . . . . Hacking Detections 5 | . 5 . . . Full Trace Events 2 | . 2 . . . Feedback Events . | . . . . . Feedback Blocked . | . . . . . Robot Schematics Acquired . | . . . . . Robots Built . | . . . . . Authchips . | . . . . . Time . | . . . . . Total Robot Build Rating . | . . . . . Part Schematics Acquired . | . . . . . Parts Built . | . . . . . Authchips . | . . . . . Time . | . . . . . Total Part Build Rating . | . . . . . Parts Repaired . | . . . . . Time . | . . . . . Parts Recycled . | . . . . . Recycled Matter . | . . . . . Retrieved Matter . | . . . . . Retrieved Components . | . . . . . Parts Scanalyzed . | . . . . . Part Schematics Acquired . | . . . . . Parts Damaged . | . . . . . Bothacking | -11 -10 -10 -10 -9 ------------ Run | Yrd Mat Min Exi Min Used RIF Installer . | . . . . . Robots Hacked . | . . . . . Non-combat . | . . . . . Combat . | . . . . . Robot Hacks Applied . | . . . . . Relay Couplers Released . | . . . . . Fabnet Peak Effective % . | . . . . . Robots Rewired . | . . . . . Allies Hacked . | . . . . . Hacks Repelled . | . . . . . Allies | -11 -10 -10 -10 -9 -------- Run | Yrd Mat Min Exi Min Total Allies 3 | . . 1 . 2 Largest Group 2 | . . 1 . 2 Highest-Rated Group 46 | . . 31 . 46 Highest-Rated Ally 31 | . . 31 . 31 Total Orders . | . . . . . Ally Attacks 9 | . . 4 . 5 Total Damage 167 | . . 63 . 104 Kills 1 | . . 1 . . Allies Corrupted . | . . . . . Allies Melted . | . . . . . Intel | -11 -10 -10 -10 -9 ------- Run | Yrd Mat Min Exi Min Robot Analysis Total . | . . . . . Derelict Logs Recovered 4 | . . 2 . 2 Drone Launches . | . . . . . Drone Recoveries . | . . . . . Exploration | -11 -10 -10 -10 -9 ------------- Run | Yrd Mat Min Exi Min Turns Passed 2701 | 121 1102 900 228 350 Spaces Moved 1839 | 75 637 581 235 311 Core 8 | 7 1 . . . Treads 720 | 17 424 279 . . Legs 61 | . . 61 . . Wheels 1050 | 51 212 241 235 311 Hover . | . . . . . Flight . | . . . . . Fastest Speed 50 | 50 100 95 95 95 Average Speed 124 | 108 139 136 95 95 Slowest Speed 260 | 160 160 260 95 95 Overloaded Moves . | . . . . . Propulsion Burnouts . | . . . . . Robots Hopped . | . . . . . Cave-ins Triggered . | . . . . . Exploration Rate (%) 66 | 4 94 92 61 82 Regions Visited 4 Branch Regions 3 Pre-discovered Areas 1 | . . . . 1 Known Exits Taken 1 | . . . 1 . Unknown Exits Taken 3 | 1 1 1 . . Scrap Searched 4 | . . 1 . 3 Spaces Dug . | . . . . . Terrain Destroyed 32 | . . . . 32 Melee . | . . . . . Projectile . | . . . . . AOE 32 | . . . . 32 Terrain Rammed . | . . . . . Walls Destroyed . | . . . . . Machines Disabled . | . . . . . Actions | -11 -10 -10 -10 -9 --------- Run | Yrd Mat Min Exi Min Total 2107 | 98 764 659 242 344 Wait 75 | 5 49 10 . 11 Move 1835 | 74 636 580 234 311 Hop . | . . . . . Pick Up 27 | 1 8 17 1 . Fast Attach 21 | 8 8 5 . . Attach 10 | . 4 1 1 4 Detach 7 | 2 1 4 . . Swap 11 | . 7 2 . 2 Drop 23 | . 2 15 6 . Fire 97 | 8 48 25 . 16 Melee . | . . . . . Ram . | . . . . . Kick . | . . . . . Crush 1 | . 1 . . . Escape Stasis . | . . . . . Rewire . | . . . . . Trap . | . . . . . Miscellaneous . | . . . . . Route ------- -11/Scrapyard -10/Materials (discovered 5 exits: [*Mat x3] / [*Min x2]) -10/Mines (discovered 3 exits: [*Mat x2] / *Exi) -10/Exiles (discovered 2 exits: *Min x2) -9/Mines (discovered 2 exits: [*Mat x2]) History --------- Turn | Location | Event 7 | -11/Scrapyard | Discovered new exit (range 15) 122 | -11/Scrapyard | Entered Materials 216 | -10/Materials | Discovered new exit (range 11) 313 | -10/Materials | Build established: Mutant 410 | -10/Materials | Discovered new exit (range 15) 636 | -10/Materials | Discovered new exit (range 16) 745 | -10/Materials | Discovered new exit (range 16) 1065 | -10/Materials | Discovered new exit (range 11) 1224 | -10/Materials | Entered Mines 1250 | -10/Mines | Received a Mining Laser from a helpful Derelict 1392 | -10/Mines | Discovered new exit (range 8) 1483 | -10/Mines | Assembled infested the area 1673 | -10/Mines | Discovered new exit (range 13) 1711 | -10/Mines | Core integrity fell below 50% 1941 | -10/Mines | Learned Materials terminal intel 1961 | -10/Mines | Received a Rocket Launcher from a helpful Derelict 1977 | -10/Mines | A weapon hastily lodged in a ceiling crevice suddenly fell to the ground 2055 | -10/Mines | Deemed a non-threat by the Exiles lab entrance 2055 | -10/Mines | Discovered new exit (range 5) 2084 | -10/Mines | Found a hidden stash of uninstalled traps 2124 | -10/Mines | Entered Exiles 2125 | -10/Exiles | Identified exit to Mines 2148 | -10/Exiles | Met 8R-AWN 2165 | -10/Exiles | Met EX-HEX 2171 | -10/Exiles | Build established: Scavenger-Mutant 2195 | -10/Exiles | Met EX-BIN 2208 | -10/Exiles | Aligned with FarCom system 2209 | -10/Exiles | Given EX-Vault access code 2237 | -10/Exiles | Opened EX-Vault 2248 | -10/Exiles | Found Army-in-a-Box 2270 | -10/Exiles | Warned to stay clear of 0b10 Research branches 2301 | -10/Exiles | Met EX-DEC 2352 | -10/Exiles | Left Exiles lab with Army-in-a-Box 2352 | -10/Exiles | Entered Mines 2415 | -9/Mines | Learned location of Storage (-8) 2438 | -9/Mines | Discovered new exit (range 13) 2489 | -9/Mines | Discovered new exit (range 14) 2491 | -9/Mines | Learned Materials trap positions 2531 | -9/Mines | Learned Materials non-interactive machine intel 2697 | -9/Mines | Core integrity fell below 20% 2702 | -9/Mines | Destroyed by Y-45 Defender with Heavy Assault Rifle Last Messages --------------- 02540_ T-07 Excavator is excavating. 02599_ K-01 Serf collects debris. 02625_ U-05 Engineer lays Concrete. 02629_ K-01 Serf collects debris. 02631_ U-05 Engineer builds a Wall. 02634_ K-01 Serf collects debris. 02634_ U-05 Engineer lays Concrete. 02635_ U-05 Engineer builds a Wall. 02640_ U-05 Engineer lays Concrete. 02644_ U-05 Engineer builds a Wall. 02669_ Searching scrap... 02669_ Found Mace. 02669_ Found 18 Matter. 02670_ Acquired 18 matter. 02687_ A pair of derelicts emerge from the shadows: "We're, um, lost. You wouldn't happen to know the way out of here, would you?" 02689_ Lgt. Assault Rifle destroyed. 02692_ Lgt. Nuclear Core destroyed. 02695_ Wheel destroyed. Map ----- +----------------------------------------------------+ | | | | | | | | | | | | | | | | | | | | | | | | | | | | | | | | | | | | | | | ???????????????????#########??????? | | ???????????????????###"[!"##??????? | | ???????????????????##""!]""#??????? | | ???????????????????## ????????? | | ??????????????????####Y ###?????? | | ?????????????????######/Y#######??? | | ?????????????????### @ ######?? | | ?????????????????## ####? | | ?????????????????## #### | | ??????????? z ### | | ??????????? g ## ### ## | | ??????????? ######### #### ## | | ??????????? ? #########/#### ### | | ??????????? ???????????## #### ### | | ???????????????????????## ##### ##? | | ?????????????????######## ########? | | ???????????############## ######? | | ??????????######### ##### ##????? | | ?????????#### ## #### ###???? | | ????????#### #### ####??? | | ????????### ## ###??? | | ????????## ##??? | | ????????## ##??? | | ????????### ###??? | | #######?######### ###??? | | ####### ########## ###???? | | ## ########## ####???? | | ## ##### # ####????? | | ### ##### ## ####?????? | | ### ## ### ###??????? | | ### ## ###???????? | +----------------------------------------------------+ Best States ------------- Heat Dissipation 25 Energy Generation 18 Energy Capacity 250 Matter Stores 300 Matter Capacity 300 Sight Range 16 Terrain Scan Density 10 Armor Coverage 150 Evasion (%) 41 Recoil Reduction 2 Item Schematics ----------------- None Robot Schematics ------------------ None Fabricated ------------ Nothing Alien Tech Used ----------------- None Achievements -------------- None Challenges ------------ None Game ------ Seed RocketMachineThruster Manual? 0 Play Time 00:22:34 Cumulative 40.5 hours Start 2024.04.10 @ 19:59:46 End 2024.04.10 @ 20:19:49 Sessions 1 Manual Loads 0 Difficulty Rogue Special Mode None Game No. 60 Rogue 60 Adventurer 0 Explorer 0 Win Type - Total 0 Types 0/0/0/0/0/0/0/0/0 Lore% 17 Gallery% 26 Achievement% 26 Wizard Run 0 Options --------- Layout 2 ASCII 0 Keyboard 1 Movement Numpad Keybinds 0 Fullscreen 2 Font 24/Crisp Map View 50x44 Zoom Use 0% Tactical HUD 1 Map Filters NONE Filters NONE Steam 1 RUN: 610c34bd-9935-4852-81ce-270c74c1f6d1